 Dungeon Crawl Stone Soup version 0.29.1-14-g9c671dbff4 (webtiles) character file.

Game seed: 12623831119098620008

103 croobank the Conjurer (level 4, -1/36 HPs)
             Began as a Minotaur Conjurer on Feb 16, 2023.
             Slain by a gnoll
             ... wielding a +0 spear
              (3 damage)
             ... on level 3 of the Dungeon.
             The game lasted 00:17:56 (3477 turns).

croobank the Conjurer (Minotaur Conjurer)           Turns: 3477, Time: 00:17:57

Health: -1/36      AC:  3    Str: 11    XL:     4   Next: 51%
Magic:  3/5        EV: 12    Int: 17    God:
Gold:   144        SH:  0    Dex:  9    Spells: 3/6 levels left

rFire   . . .      SeeInvis .   f - +0 short sword
rCold   . . .      Faith    .   (no shield)
rNeg    . . .      Spirit   .   a - +0 robe
rPois   .          Reflect  .   (helmet restricted)
rElec   .          Harm     .   (no cloak)
rCorr   .          Rampage  .   s - +0 pair of gloves
Will    .....                   (no boots)
Stlth   ++........              (no amulet)
HPRegen 0.12/turn               (no ring)
MPRegen 0.09/turn               (no ring)

@: on berserk cooldown, slowed, very slow
A: horns 2, retaliatory headbutt
a: no special abilities


You were on level 3 of the Dungeon.
You visited 1 branch of the dungeon, and saw 3 of its levels.

You collected 144 gold pieces.

Inventory:

Hand Weapons
 c - a +0 dagger
 f - a +0 short sword (weapon)
Armour
 a - a +0 robe (worn)
 g - a +0 leather armour
 s - a +0 pair of gloves (worn)
Jewellery
 o - an amulet of faith
Wands
 i - a wand of roots (6)
Scrolls
 h - a scroll of amnesia
 p - a scroll of butterflies {unknown}
 q - a scroll of enchant armour {unknown}
 t - a scroll of torment {unknown}
 u - 2 scrolls of teleportation {unknown}
Potions
 k - a potion of brilliance
 m - a potion of attraction {unknown}
 n - 2 potions of heal wounds {unknown}
 r - a potion of curing {unknown}


   Skills:
 + Level 1.7 Fighting
 + Level 3.0 Dodging
 + Level 2.4 Stealth
 + Level 1.9 Spellcasting
 + Level 3.3 Conjurations


You had 3 spell levels left.
You knew the following spells:

 Your Spells              Type           Power      Damage    Failure   Level
a - Magic Dart            Conj           48%        1d5       4%          1
b - Searing Ray           Conj           24%        2d5       8%          2

Your spell library contained the following spells:

 Spells                   Type           Power      Damage    Failure   Level
 Apportation              Tloc           2%         N/A       21%         1
 Necrotise                Necr           4%         1d4       21%         1
 Summon Small Mammal      Summ           4%         N/A       21%         1
 Call Imp                 Summ           1%         N/A       30%         2
 Sublimation of Blood     Necr           1%         N/A       30%         2
 Dazzling Flash           Conj/Hex       14%        N/A       30%         3
 Mephitic Cloud           Conj/Pois/Air  5%         N/A       36%         3
 Fulminant Prism          Conj/Hex       3%         3d6       69%         4
 Iskenderun's Mystic Bla  Conj/Tloc      7%         2d4       69%         4
 Petrify                  Tmut/Erth      1%         N/A       89%         4
 Irradiate                Conj/Tmut      3%         3d12      95%         5


Dungeon Overview and Level Annotations

Branches:
Dungeon (3/15)

Altars:
Cheibriados
Dithmenos
Fedhas
Hepliaklqana
Ru
The Shining One


Innate Abilities, Weirdness & Mutations

You have a pair of horns on your head.
You reflexively headbutt those who attack you in melee.


Message History

You hit the orc.
You kill the orc!
You feel a strong urge to attack something.
The gnoll barely misses you. x2
Things that are here:
a +0 club; a kobold corpse You barely miss the gnoll.
Your headbutt misses the gnoll.
You are no longer berserk.
You are exhausted.
You feel yourself slow down.
You barely miss the gnoll. You headbutt the gnoll.
The gnoll is lightly wounded.
The gnoll closely misses you. You furiously retaliate!
You headbutt the gnoll.
The gnoll hits you from afar with a +0 spear.
The gnoll hits you with a +0 spear.
The gnoll hits you from afar with a +0 spear.
Casting: Searing Ray (safe; 8% risk of failure)
Confirm with . or Enter, or press ? or * to list all spells.
You don't have enough magic to cast this spell.
Magic courses through your body. The gnoll hits you with a +0 spear.
* * * LOW HITPOINT WARNING * * *
The gnoll hits you from afar with a +0 spear!
* * * LOW HITPOINT WARNING * * *
The gnoll hits you with a +0 spear.
* * * LOW HITPOINT WARNING * * *
The gnoll closely misses you.
Okay, then.
Okay, then.
Casting: Searing Ray (safe; 8% risk of failure)
Confirm with . or Enter, or press ? or * to list all spells.
Aiming: Searing Ray (safe; 8% risk of failure)
Press: ? - help, Shift-Dir - straight line, f - gnoll
Aim: a gnoll, wielding a +0 spear (79% to hit)
The searing ray hits the gnoll.
The gnoll is severely wounded.
The searing ray hits the gnoll.
The gnoll is moderately wounded. (Press . to maintain the ray.)
The gnoll hits you with a +0 spear.
You die...

*******###########*****######****
*,,,,,,........#.,,,,,,#....#,,,,
*,,,,,,,.......',,,,,,,#....#,,,,
*,,,,,,,.......#########....####*
,,,,*******#..g.......#......#..,
,,,,* #..........'......'..,
,,..########..........#......#.,,
*,.o..........g#########....##***
*,.........)))Kg@..)...#....#,,,,
*,............K#.......#....#,,,,
#########################''######
#≈≈≈≈≈≈≈≈≈≈≈≈≈≈≈≈≈≈≈≈≈≈......~≈≈≈
≈≈≈≈≈≈≈≈≈≈≈≈≈≈≈≈≈≈≈≈≈≈~~.....~≈≈≈
~≈~~≈≈≈~≈≈≈≈≈≈≈≈≈≈~~~~~~.(..~≈≈~≈
~~~.~~.~.~~~~~~~~.~..~~(.....~~~.
.............(...................
...†........(....................


You could see 2 gnolls and 2 kobolds.

Vanquished Creatures
  3 adders
  2 dart slugs (D:1)
  5 orcs (D:3)
  3 bats
  5 endoplasms
  3 giant cockroaches
  3 goblins
  5 hobgoblins
  A quokka (D:3)
  7 ball pythons
  2 frilled lizards
  19 kobolds
  7 rats
65 creatures vanquished.

Notes
Turn   | Place    | Note
-------+----------+-------------------------------------------
     0 | D:1      | croobank the Minotaur Conjurer began the quest for the Orb.
     0 | D:1      | Reached XP level 1. HP: 14/14 MP: 1/1
   583 | D:1      | Reached XP level 2. HP: 18/20 MP: 3/3
   604 | D:1      | Learned a level 2 spell: Searing Ray
   744 | D:1      | Found a faded altar of an unknown god.
  1527 | D:1      | Reached XP level 3. HP: 27/27 MP: 1/4
  1866 | D:2      | Reached skill level 1 in Fighting
  2802 | D:3      | Found a shadowy altar of Dithmenos.
  2803 | D:3      | Found a blossoming altar of Fedhas.
  2803 | D:3      | Found a hazy altar of Hepliaklqana.
  2803 | D:3      | Found a sacrificial altar of Ru.
  2805 | D:3      | Found a snail-covered altar of Cheibriados.
  2813 | D:3      | Found a glowing golden altar of the Shining One.
  2859 | D:3      | Reached XP level 4. HP: 35/35 MP: 1/5
  3477 | D:3      | Slain by a gnoll

Illustrated notes

Levels and vault maps discovered:
D:1:      amcnicky_arrival_double_pillar, layout_basic,
          shapermc_ecumenical_altar_starsandcircs, minivault_5
D:2:      layout_basic
D:3:      minmay_goblin_kobold_castle, layout_loops_corners,
          grunt_temple_overflow_open, grunt_decor_cap

Skill      XL: |  1  2  3  4 |
---------------+-------------+-----
Conjurations   | 3 |  3.3
Stealth        | 2 |  2.4
Fighting       | 1 |  1.7
Dodging        | 3 |  3.0
Spellcasting   | |  1.9

Action                   |  1- 3 |  4- 6 || total
-------------------------+-------+-------++-------
Melee: Dagger            |    13 |       ||    13
       Headbutt          |     6 |     2 ||     8
       Short sword       |    24 |    18 ||    42
Throw: Stone             |     1 |       ||     1
 Cast: Magic Dart        |    18 |    14 ||    32
       Searing Ray       |    15 |     6 ||    21
  Use: Scroll            |     5 |       ||     5
       Potion            |       |     2 ||     2
 Stab: Sleeping          |     1 |       ||     1
Armor: Robe              |    12 |     7 ||    19
Dodge: Dodged            |    42 |    27 ||    69
